 Dungeon Crawl Stone Soup version 0.20-a0-1026-gc3ddcbd (webtiles) character file.

81 dvd the Chiller (level 4, 0/31 HPs)
             Began as a Demonspawn Ice Elementalist on Apr 20, 2017.
             Succumbed to an orc wizard's poison
             ... on level 4 of the Dungeon.
             The game lasted 00:05:23 (1971 turns).

dvd the Chiller (Demonspawn Ice Elementalist)       Turns: 1971, Time: 00:05:24

Health: 0/31       AC:  7    Str:  5 (8)  XL:     4   Next: 19%
Magic:  1/8        EV: 12    Int: 21 (22) God:
Gold:   168        SH:  0    Dex: 11 (14) Spells: 2/8 levels left

rFire    . . .     SeeInvis .   i - +1 hand axe (freeze)
rCold    . . .     Gourm    +   (no shield)
rNeg     . . .     Faith    .   a - +0 robe
rPois    .         Spirit   .   (no helmet)
rElec    .         Reflect  .   (no cloak)
rCorr    +         Harm     .   (no gloves)
MR       .....                  (no boots)
Stlth    +++.......             k - amulet of the gourmand
Regen    0.1/turn               o - ring of wizardry
MPRegen  0.2/turn               u - ring of resist corrosion

@: brilliant, lethally poisoned (0 -> -19), icy armour, very slightly
contaminated, hasted, very quick
A: nightstalker 1
a: no special abilities


You were on level 4 of the Dungeon.
You were completely stuffed.

You visited 1 branch of the dungeon, and saw 3 of its levels.

You collected 168 gold pieces.

Inventory:

Hand Weapons
 h - a +0 short sword
 i - a +1 hand axe of freezing (weapon)
 v - a +0 war axe
Armour
 a - a +0 robe (worn)
Jewellery
 k - an amulet of the gourmand (around neck)
 o - a ring of wizardry (left hand)
 t - an uncursed amulet of rage
 u - a ring of resist corrosion (right hand)
Scrolls
 f - 2 scrolls of teleportation {unknown}
 g - 2 scrolls of identify {unknown}
 j - a scroll of immolation {unknown}
 s - 2 scrolls of remove curse {unknown}
Potions
 e - a potion of brilliance
 m - a potion of agility {unknown}
 n - a potion of resistance {unknown}
 p - a potion of curing {unknown}
 r - a potion of ambrosia {unknown}
Books
 b - a book of Frost

   Spells                             Type                      Level
   a - Freeze                         Ice                          1
   b - Throw Frost                    Conjuration/Ice              2
   c - Ozocubu's Armour               Charms/Ice                   3
   d - Throw Icicle                   Conjuration/Ice              4
   e - Summon Ice Beast               Ice/Summoning                4
Comestibles
 c - 3 bread rations
 q - 4 chunks of flesh


   Skills:
 + Level 0.4 Fighting
 + Level 0.6 Axes
 + Level 2.0 Dodging
 + Level 2.2 Stealth
 + Level 2.9 Spellcasting
 + Level 1.2 Conjurations
 + Level 3.3 Ice Magic


You had 2 spell levels left.
You knew the following spells:

 Your Spells              Type           Power        Failure   Level  Hunger
a - Freeze                Ice            ####         1%          1    None
b - Throw Frost           Conj/Ice       ####..       1%          2    ##.....
c - Ozocubu's Armour      Chrm/Ice       ###.....     2%          3    ###....


Dungeon Overview and Level Annotations

Branches:
Dungeon (2/15)

Altars:
Elyvilon
Xom


Innate Abilities, Weirdness & Mutations

You are slightly more attuned to the shadows.


Message History

Unknown command.
It was a potion of brilliance.
You feel clever all of a sudden.
* * * LOW HITPOINT WARNING * * *
You feel sick.
The orc wizard points at you and mumbles some strange words.
The magic dart hits you!
* * * LOW HITPOINT WARNING * * *
It was a potion of haste.
You feel yourself speed up.
* * * LOW HITPOINT WARNING * * *
You feel sick.
The orc wizard hits you with a dagger of venom.
* * * LOW HITPOINT WARNING * * *
You are more poisoned.
Unknown command.
Unknown command.
It was a potion of degeneration.
There was something very wrong with that liquid.
You feel weakened.
You feel dopey.
You feel clumsy.
You die...

##.##..>....
#.######### #.# ##'##
##...## # ##.....## #
##. ##.......## ##
.#...####.........####.
....oo@.'.........+....
....o####.........####.
###. ##.......## ## #
##.....## # ###...##
#......# #.##.#.####
#.........#
#.#####.......#.#


You could see 2 orc wizards and an orc.

Vanquished Creatures
  3 adders
  An ooze (D:1)
  3 dart slugs (D:2)
  An orc (D:4)
  6 bats
  5 goblins
  3 hobgoblins (D:2)
  8 jackals
  4 kobolds (D:1)
  A quokka (D:2)
  A ball python (D:1)
  2 frilled lizards (D:1)
  2 rats (D:2)
40 creatures vanquished.

Notes
Turn   | Place    | Note
-------+----------+-------------------------------------------
     0 | D:1      | dvd the Demonspawn Ice Elementalist began the quest for the Orb.
     0 | D:1      | Reached XP level 1. HP: 13/13 MP: 3/3
    45 | D:1      | Reached skill level 3 in Ice Magic
    69 | D:1      | Gained mutation: You are slightly more attuned to the shadows. [demonic ancestry]
    69 | D:1      | Reached XP level 2. HP: 9/19 MP: 0/5
   449 | D:1      | Learned a level 2 spell: Throw Frost
   985 | D:2      | Found a shimmering altar of Xom.
  1000 | D:2      | Reached XP level 3. HP: 13/24 MP: 0/6
  1557 | D:2      | Learned a level 3 spell: Ozocubu's Armour
  1736 | D:2      | You fall through a shaft for 2 floors!
  1739 | D:4      | Found a white marble altar of Elyvilon.
  1748 | D:4      | Reached XP level 4. HP: 30/30 MP: 2/8
  1970 | D:4      | HP: 1/31 [orc wizard/dagger of venom (4)]
  1971 | D:4      | Succumbed to an orc wizard's poison

Vault maps used:
D:1:      onia_arrival_pyramid
D:2:      overflow_temple_1_default, lightli_temple_of_fire, first_bread
D:4:      elyvilon_altar_5

Skill      XL: |  1  2  3 |
---------------+----------+-----
Ice Magic      | 3 |  3.3
Stealth        | 2 |  2.2
Dodging        | 2 |  2.0
Fighting       | |  0.4
Axes           | |  0.6
Spellcasting   | |  2.9
Conjurations   | |  1.2

Action                   |  1- 3 |  4- 6 || total
-------------------------+-------+-------++-------
Melee: Unarmed           |     5 |       ||     5
       Hand axe          |    30 |    15 ||    45
       Short sword       |     1 |       ||     1
 Cast: Freeze            |    29 |     3 ||    32
       Throw Frost       |    10 |       ||    10
       Ozocubu's Armour  |     1 |     2 ||     3
  Use: Potion            |       |     3 ||     3
 Stab: Sleeping          |     6 |       ||     6
  Eat: Chunk             |    14 |     1 ||    15
Armor: Robe              |    10 |     5 ||    15
Dodge: Dodged            |    48 |    25 ||    73
